 Dungeon Crawl Stone Soup version 0.31-a0-466-g98c9adc2b6 (webtiles) character file.

Game seed: 4367402682411642259

72 Ofeo the Insei (level 4, 33/33 HPs)
             Began as a Demonspawn Shapeshifter on Aug 5, 2023.
             Quit the game on level 2 of the Dungeon.
             The game lasted 00:01:38 (1901 turns).

Ofeo the Insei (Demonspawn Shapeshifter)            Turns: 1901, Time: 00:01:39

Health: 33/33      AC:  5    Str: 15    XL:     4   Next: 6%
Magic:  4/4        EV: 11    Int:  9    God:
Gold:   106        SH:  0    Dex: 16    Spells: 3/3 levels left

rFire   . .          .
                       - Unarmed
rCold   . . .        (no shield)
rNeg    . . .        h - +0 ring mail
rPois   .            (helmet currently unavailable)
rElec   .            (cloak currently unavailable)
rCorr   .            (gloves currently unavailable)
SInv    .            (boots currently unavailable)
Will    .....        (no amulet)
Stlth   +            (no ring)
HPRegen 0.25/turn    (no ring)
MPRegen 0.09/turn

%: no passive effects
@: beast-form
A: beast (slay +2), foul stench 1, demonic touch 1
a: Begin Untransformation


You were on level 2 of the Dungeon.
You were a hulking beast.
You visited 1 branch of the dungeon, and saw 2 of its levels.

You collected 106 gold pieces.

Inventory:

Armour
 a - a +0 animal skin
 h - a +0 ring mail (worn)
Jewellery
 e - an amulet of regeneration
 j - a +5 ring of evasion
Talismans
 c - a beast talisman (active)
Scrolls
 d - 2 scrolls of identify {unknown}
 g - a scroll of fog {unknown}
 i - a scroll of noise {unknown}
Potions
 b - 2 potions of haste {unknown}
 f - a potion of curing {unknown}


   Skills:
 + Level 2.3 Fighting
 + Level 2.5 Dodging
 + Level 3.3 Unarmed Combat
 - Level 2.8 Shapeshifting


You had 3 spell levels left.
You didn't know any spells.
Your spell library was empty.

Dungeon Overview and Level Annotations

Branches:
Dungeon (2/15)

Altars:


Innate Abilities, Weirdness & Mutations

You are a hulking beast.
Your limbs bulge with bestial killing power. (Slay +2)
You may rarely emit foul miasma when damaged in melee.
Your touch may inflict minor irresistible damage on your foes.


Message History

An adder is nearby!
The adder barely misses you.
You hit the adder.
The adder is moderately wounded.
The adder barely misses you.
You closely miss the adder. You punch the adder.
The adder is almost dead.
The adder bites you but does no damage.
You miss the adder.
The adder is almost dead.
The adder barely misses you. The adder bites you but does no damage.
You hit the adder.
You kill the adder!
You have reached level 4!
You feel agile.
Health restored: 33; MP restored: 4 You see here an adder corpse.
You see here an adder corpse.
Found a ring mail.
You now have 97 gold pieces (gained 11).
Found 5 stones.
No target in view!
A giant cockroach comes into view.
You see here 5 stones.
A giant cockroach is nearby!
A giant cockroach is nearby!
Found two stone staircases leading down.
The giant cockroach bites you but does no damage.
The giant cockroach barely misses you.
You closely miss the giant cockroach.
The giant cockroach bites you but does no damage.
You hit the giant cockroach but do no damage.
You touch the giant cockroach.
You kill the giant cockroach!
No target in view!
No target in view!
No target in view!
You now have 106 gold pieces (gained 9).
A bat comes into view.
Are you sure you want to abandon this character and quit the game? (Confirm with "yes".)

##### ####...#
#####....#.###
.........#...########
#####..#####.........#
# #....#[...######.###
# #..#.#..#.##.....>..
# #..#....#.##....#...
# #..####.#(..h...b# #
#...# #.#..##.##.... #
##..# #.##.......# . #
#..# #.####†..#.#
######..###.# .....>.
............. .#..###.
##......###.# ....#
............# #.#.#
##.####.##### .# #


You could see a bat.

Vanquished Creatures
  2 adders (D:2)
  2 dart slugs (D:1)
  7 ball pythons
  6 bats
  5 endoplasms
  4 giant cockroaches
  2 goblins (D:1)
  2 hobgoblins (D:1)
  2 jackals (D:1)
  2 quokkas (D:1)
  6 frilled lizards
  3 kobolds (D:1)
  4 rats
47 creatures vanquished.

Notes
Turn   | Place    | Note
-------+----------+-------------------------------------------
     0 | D:1      | Ofeo the Demonspawn Shapeshifter began the quest for the
                  | Orb.
     0 | D:1      | Reached XP level 1. HP: 15/15 MP: 1/1
   306 | D:1      | Gained mutation: Your touch may inflict minor irresistible
                  | damage on your foes. [demonic ancestry]
   306 | D:1      | Reached XP level 2. HP: 21/21 MP: 2/2
   448 | D:1      | Reached skill level 3 in Unarmed Combat
   527 | D:1      | Gained mutation: You may rarely emit foul miasma when
                  | damaged in melee. [demonic ancestry]
   527 | D:1      | Reached XP level 3. HP: 25/27 MP: 3/3
  1843 | D:2      | Reached XP level 4. HP: 33/33 MP: 4/4
  1901 | D:2      | Quit the game

Illustrated notes

Levels and vault maps discovered:
D:1:      matt_arrival_refuge, layout_loops_ring
D:2:      layout_loops_ring, basic_altar

Skill      XL: |  1  2  3 |
---------------+----------+-----
Dodging        | 2 |  2.5
Unarmed Combat | 3 |  3.3
Fighting       | 2 |  2.3
Shapeshifting  | |  2.8

Action                     |  1- 3 |  4- 6 || total
---------------------------+-------+-------++-------
  Melee: Unarmed           |   109 |     2 ||   111
         Touch             |    11 |     1 ||    12
         Punch             |     3 |       ||     3
    Use: Potion            |     1 |       ||     1
 Armour: Animal skin       |    15 |       ||    15
         Ring mail         |    15 |     2 ||    17
         Skin              |    10 |       ||    10
  Dodge: Dodged            |    54 |     1 ||    55

Table legend: (Time is in decaauts)
 A = Elapsed time spent in this place.
 B = Non-inter-level travel time spent in this place.
 C = Inter-level travel time spent in this place.
 D = Time resting spent in this place.
 E = Time spent auto-exploring this place.
 F = Levels seen in this place.
 G = Mean time per level.
                   A        B        C        D        E       F      G
               +--------+--------+--------+--------+--------+-----+--------+
         Total |   1896 |   1793 |    103 |    284 |   1231 |   2 |  948.0 |
       Dungeon |   1896 |   1793 |    103 |    284 |   1231 |   2 |  948.0 |
               +--------+--------+--------+--------+--------+-----+--------+

Top non-repeatable levels by time:
     D:1: 1462 daAuts
     D:2: 433 daAuts
